 Dungeon Crawl Stone Soup version 0.17-a0-2093-gc772f4b (webtiles) character file.

57 Ishikawa the Magician (level 3, 0/24 HPs)
             Began as a Mummy Wizard on Oct 16, 2015.
             Slain by an adder (3 damage)
             ... on level 3 of the Dungeon.
             The game lasted 00:10:01 (2145 turns).

Ishikawa the Magician (Mummy Wizard)                Turns: 2145, Time: 00:10:01

Health: 0/24       AC:  2    Str: 10    XL:     3   Next: 73%
Magic:  2/8        EV: 12    Int: 18    God:
Gold:   115        SH:  0    Dex: 10    Spells: 4 memorised, 1 level left

rFire  . . .     SeeInvis .     d - -1 dagger (curse)
rCold  + . .     Clarity  .     e - +0 robe
rNeg   + + +     SustAt   .     (no shield)
rPois  ∞         Gourm    .     b - +0 hat
rElec  .         Spirit   .     (no cloak)
rCorr  .         Warding  .     (no gloves)
rMut   .         Stasis   .     (no boots)
MR     .....                    (no amulet)
Stlth  ++........               (no ring)
                                g - ring of protection from fire

@: very slightly contaminated, not resistant to hostile enchantments, unstealthy
A: no food or potions, fire vulnerability, cold resistance 1, negative energy
resistance 3, torment resistance, unbreathing
a: no special abilities


You were on level 3 of the Dungeon.
You were not hungry.

You visited 1 branch of the dungeon, and saw 3 of its levels.

You collected 115 gold pieces.

Inventory:

Hand Weapons
 a - a +0 hand axe of chopping
 d - a cursed -1 dagger (weapon)
 f - a +0 dagger
 i - a +0 short sword
 l - a +0 rapier
Armour
 b - a +0 hat (worn)
 e - a +0 robe (worn)
Jewellery
 g - a ring of protection from fire (left hand)
Scrolls
 h - 3 scrolls of remove curse {unknown}
 j - 3 scrolls of fog
 k - a scroll of enchant armour {unknown}
Books
 c - a book of Minor Magic

   Spells                             Type                      Level
   a - Magic Dart                     Conjuration                  1
   b - Blink                          Translocation                2
   c - Call Imp                       Summoning                    2
   d - Repel Missiles                 Charms/Air                   2
   e - Slow                           Hexes                        2
   f - Conjure Flame                  Conjuration/Fire             3
   g - Mephitic Cloud                 Conjuration/Poison/Air       3


   Skills:
 + Level 0.2 Short Blades
 + Level 2.0 Dodging
 - Level 1.5 Stealth
 + Level 3.8 Spellcasting
 + Level 1.3 Conjurations
 - Level 1.0 Summonings
 + Level 0.8 Translocations


You had one spell level left.
You knew the following spells:

 Your Spells              Type           Power        Failure   Level  Hunger
a - Magic Dart            Conj           #...         12%         1    N/A
b - Call Imp              Summ           #.......     17%         2    N/A
c - Mephitic Cloud        Conj/Pois/Air  #.......     43%         3    N/A
d - Blink                 Tloc           N/A          17%         2    N/A

Dungeon Overview and Level Annotations

Branches:
Dungeon (3/15)

Altars:
Okawaru
Yredelemnul


Innate Abilities, Weirdness & Mutations

You do not eat or drink.
Your flesh is vulnerable to fire.
You are immune to poison.
Your flesh is cold resistant.
You are immune to negative energy.
You are immune to unholy pain and torment.
You can survive without breathing.


Message History

The adder completely misses you. The adder completely misses you.
The adder misses you. The adder bites you but does no damage.
The adder barely misses you. The adder bites you.
* * * LOW HITPOINT WARNING * * *
You hear the slow rusting of a very distant drain.
The adder bites you.
* * * LOW HITPOINT WARNING * * *
Casting: Call Imp
Confirm with . or Enter, or press ? or * to list all spells.
You miscast Call Imp.
Distant voices call out to you! The adder barely misses you.
The adder bites you.
* * * LOW HITPOINT WARNING * * *
The adder barely misses you. The adder barely misses you. The adder bites you.
You die...

#.#######.#.# #..# #.#
#.##......#.# #..# #.#
#.##.######.# #..# #.#
#.##.#<...#.# #..# #.#
#.##.#......# #..# #.#
#....######## #..# #.#
###### #..###.##
###############.......#
.............r.S@######
##################


You could see an adder and a quokka.

Vanquished Creatures
  An adder (D:2)
  A giant gecko (D:2)
  3 goblins
  A hobgoblin (D:2)
  A quokka (D:2)
  10 bats
  2 giant cockroaches
  6 giant newts
  8 kobolds (D:1)
  4 rats
37 creatures vanquished.

Vanquished Creatures (collateral kills)
  2 adders (D:2)
  An ooze (D:1)
  A hobgoblin (D:1)
  A kobold (D:1)
5 creatures vanquished.

Grand Total: 42 creatures vanquished

Notes
Turn   | Place    | Note
--------------------------------------------------------------
     0 | D:1      | Ishikawa the Mummy Wizard began the quest for the Orb.
     0 | D:1      | Reached XP level 1. HP: 13/13 MP: 4/4
   185 | D:1      | Found an iron altar of Okawaru.
   349 | D:1      | Reached XP level 2. HP: 11/19 MP: 0/6
   357 | D:1      | Learned a level 2 spell: Call Imp
   732 | D:1      | Reached skill level 1 in Conjurations
  1403 | D:2      | Found a basalt altar of Yredelemnul.
  1449 | D:2      | Reached XP level 3. HP: 24/24 MP: 1/8
  1454 | D:2      | Learned a level 3 spell: Mephitic Cloud
  1457 | D:2      | Learned a level 2 spell: Blink
  1678 | D:2      | Reached skill level 1 in Summonings
  1898 | D:2      | Found a faded altar to an unknown god.
  2145 | D:3      | Slain by an adder

Vault maps used:
D:1:      sevenhm_arrival_forest_fort_small_3, okawaru_ov_weapons_minmay
D:2:      ecumenical_altar_1, yredelemnul_altar_generic
D:3:      old_standard_altar, first_bread, gup_sewer_entry_spiral, uniq_iyjb

Action                   || total
-------------------------++-------
Melee: Dagger            ||    65
       Unarmed           ||     2
 Cast: Magic Dart        ||    64
       Call Imp          ||     9
       Blink             ||     1
  Use: Scroll            ||     3
